 Dungeon Crawl Stone Soup version 0.23.0 (webtiles) character file.

Game seed: 14707754812206494766

777 technought the Shield-Bearer (level 7, -4/44 HPs)
             Began as a Gargoyle Fighter on Feb 18, 2019.
             Slain by Menkaure (17 damage)
             ... on level 5 of the Dungeon.
             The game lasted 00:14:52 (3753 turns).

technought the Shield-Bearer (Gargoyle Fighter)     Turns: 3753, Time: 00:14:52

Health: -4/44      AC: 15    Str: 27    XL:     7   Next: 84%
Magic:  7/7        EV:  9    Int: 12    God:
Gold:   228        SH: 10    Dex:  9    Spells: 6/6 levels left

rFire    . . .     SeeInvis .   a - +1 flail
rCold    . . .     Gourm    .   c - +0 shield
rNeg     + . .     Faith    .   b - +0 scale mail
rPois    ∞         Spirit   .   (no helmet)
rElec    +         Reflect  .   (no cloak)
rCorr    .         Harm     .   v - +1 pair of gloves
MR       .....                  h - +0 pair of boots
Stlth    +.........             g - amulet of the acrobat
HPRegen  0.14/turn              t - ring of stealth
MPRegen  0.10/turn              u - +4 ring of intelligence

@: mighty
A: negative energy resistance 1, electricity resistance, unbreathing,
petrification resistance, rot immunity, AC +4
a: no special abilities


You were on level 5 of the Dungeon.
You were not hungry.

You visited 1 branch of the dungeon, and saw 5 of its levels.

You collected 228 gold pieces.

Inventory:

Hand Weapons
 a - a +1 flail (weapon)
 m - a +4 dagger
Missiles
 e - 7 tomahawks (quivered)
Armour
 b - a +0 scale mail (worn)
 c - a +0 shield (worn)
 h - a +0 pair of boots (worn)
 v - a +1 pair of gloves (worn)
Jewellery
 g - an amulet of the acrobat (around neck)
 t - a ring of stealth (left hand)
 u - a +4 ring of intelligence (right hand)
Wands
 r - a wand of iceblast (10)
Scrolls
 j - a scroll of fog
 k - 12 scrolls of teleportation
 l - 5 scrolls of remove curse
 n - 2 scrolls of noise
 o - a scroll of immolation
 s - a scroll of random uselessness
 x - a scroll of amnesia
Potions
 i - a potion of lignification
 p - a potion of agility
 w - a potion of haste
 z - a potion of curing
Comestibles
 f - 8 rations


   Skills:
 + Level 5.5 Fighting
 + Level 5.0 Maces & Flails
 + Level 4.3 Armour
 + Level 1.7 Dodging
 + Level 0.6 Stealth
 + Level 5.7 Shields


You had 6 spell levels left.
You didn't know any spells.
Your spell library was empty.

Dungeon Overview and Level Annotations

Branches:
Dungeon (5/15)
 Temple: D:4-7

Altars:
Xom
Yredelemnul

Annotations:
D:5 Menkaure


Innate Abilities, Weirdness & Mutations

You are resistant to torment.
Your stone body is resilient. (AC +4)
You are immune to poison.
You resist negative energy. (rN+)
You are resistant to electric shocks. (rElec)
You can survive without breathing.
You are immune to petrification.
You are immune to rotting.


Message History

Your shield and scale mail prevent you from hitting the worker ant.
You block Menkaure's attack. Menkaure closely misses you.
The worker ant barely misses you.
You completely miss the worker ant. Menkaure hits you!
You block the worker ant's attack. You block Menkaure's attack.
You barely miss the worker ant. You block the worker ant's attack.
Menkaure hits you but does no damage. The worker ant barely misses you.
You hit Menkaure but do no damage. Menkaure barely misses you.
You barely miss Menkaure. Menkaure hits you. Menkaure closely misses you.
You sock Menkaure!
Menkaure is severely damaged.
Menkaure casts a spell at you.
You struggle to resist.
Quiver which item? (- for none, * to show all) (? for menu, Esc to quit)
Okay, then.
You feel very mighty all of a sudden. Menkaure hits you!
* * * LOW HITPOINT WARNING * * *
Menkaure hits you!
You die...

........)####
....###.....#
#...#######.# ##...###
#.# ##.....####.# #
.##......##.# .##
.##.........## ##...##
.###......#..#####Z......
.###....#####...@Ma...#
..#......# #...##.......
....###..# ##...# .......
...## ..# #....###..>..#
..## ..##.....# ....##
..## .#......# ##### ...#
#......#..# ##..#
#......#..# #
#.......#......#


You could see Menkaure, a worker ant and a jackal skeleton.

Vanquished Creatures
  2 phantoms (D:4)
  A centaur (D:5)
  2 scorpions (D:4)
  A crimson imp (D:4)
  3 hounds (D:4)
  A bullfrog skeleton (D:4)
  Ijyb (D:3)
  2 worker ants
  Robin (D:3)
  3 gnolls (D:3)
  6 adders
  An adder skeleton (D:4)
  2 worms (D:3)
  A dart slug (D:1)
  2 orcs
  3 giant cockroaches
  2 gnoll zombies (D:2)
  21 goblins
  6 hobgoblins
  8 jackals
  2 quokkas (D:4)
  2 ball pythons (D:1)
  9 bats
  3 frilled lizards
  A jackal skeleton (D:4)
  8 kobolds
  10 rats
104 creatures vanquished.

Notes
Turn   | Place    | Note
-------+----------+-------------------------------------------
     0 | D:1      | technought the Gargoyle Fighter began the quest for the
                  | Orb.
     0 | D:1      | Reached XP level 1. HP: 14/14 MP: 1/1
   118 | D:1      | Reached XP level 2. HP: 13/19 MP: 2/2
   641 | D:1      | Reached XP level 3. HP: 24/24 MP: 3/3
  1203 | D:2      | Reached XP level 4. HP: 24/29 MP: 4/4
  1330 | D:2      | Found a basalt altar of Yredelemnul.
  1688 | D:3      | Noticed Ijyb
  1702 | D:3      | Killed Ijyb
  1702 | D:3      | Reached XP level 5. HP: 32/33 MP: 5/5
  1966 | D:3      | Noticed Robin
  1975 | D:3      | Killed Robin
  2303 | D:4      | Reached skill level 1 in Dodging
  2303 | D:4      | Reached skill level 5 in Shields
  2303 | D:4      | Reached XP level 6. HP: 15/39 MP: 6/6
  3006 | D:4      | Reached XP level 7. HP: 44/44 MP: 7/7
  3096 | D:4      | Reached skill level 5 in Fighting
  3363 | D:5      | Entered Level 5 of the Dungeon
  3524 | D:5      | Reached skill level 5 in Maces & Flails
  3560 | D:5      | Found a shimmering altar of Xom.
  3741 | D:5      | Noticed Menkaure
  3753 | D:5      | Slain by Menkaure

Skill      XL: |  1  2  3  4  5  6  7 |
---------------+----------------------+-----
Fighting       | 4 5 |  5.5
Shields        | 4 5 |  5.7
Maces & Flails | 3 4 5 |  5.0
Dodging        | 1 |  1.7
Armour         | 4 |  4.3
Stealth        | |  0.6

Action                   |  1- 3 |  4- 6 |  7- 9 || total
-------------------------+-------+-------+-------++-------
Melee: Flail             |   160 |   281 |    61 ||   502
  Use: Potion            |     5 |     1 |     1 ||     7
       Scroll            |       |       |     9 ||     9
  Eat: Chunk             |     1 |     7 |       ||     8
       Ration            |       |       |     1 ||     1
Armor: Scale mail        |   130 |   168 |    25 ||   323
       Skin              |    12 |       |       ||    12
Dodge: Dodged            |    64 |   101 |    20 ||   185
Block: Shield            |   123 |   193 |    33 ||   349
